 Dungeon Crawl Stone Soup version 0.30.0-29-ga12c61a403 (webtiles) character file.

Game seed: 219338109284325258

188 qw the Chopper (level 5, 0/33 HPs)
             Began as a Gargoyle Fighter on June 5, 2023.
             Slain by a gnoll
             ... wielding a +0 flail of protection
              (3 damage)
             ... on level 4 of the Dungeon.
             The game lasted 00:01:11 (2965 turns).

qw the Chopper (Gargoyle Fighter)                   Turns: 2965, Time: 00:01:12

Health: 0/33       AC: 18    Str: 22    XL:     5   Next: 67%
Magic:  5/5        EV:  6    Int:  8    God:
Gold:   186        SH:  4    Dex:  9    Spells: 4/4 levels left

rFire   . . .        Y - +1 war axe (heavy)
rCold   . . .        c - +0 buckler
rNeg    + . .        p - +0 plate armour
rPois   inf          e - +1 hat
rElec   +            (no cloak)
rCorr   .            l - +0 pair of gloves
SInv    +            h - +0 pair of boots
Will    .....        (no amulet) Stlth
                     i - ring of see invisible
HPRegen 0.25/turn    (no ring)
MPRegen 0.09/turn

%: no passive effects
@: about to teleport
A: sickness immunity, AC +4, negative energy resistance 1, electricity
resistance, torment resistance 1, petrification resistance
a: no special abilities


You were on level 4 of the Dungeon.
You visited 1 branch of the dungeon, and saw 4 of its levels.

You collected 186 gold pieces.


Innate Abilities, Weirdness & Mutations

You are immune to sickness and miasma.
Your stone body is resilient. (AC +4)
You are immune to poison.
You resist negative energy. (rN+)
You are resistant to electric shocks. (rElec)
You are resistant to unholy torment.
You are immune to petrification.


   Skills:
 + Level 3.7 Fighting
 - Level 5.0 Axes
 - Level 3.2 Armour
 - Level 3.2 Shields


You had 4 spell levels left.
You didn't know any spells.
Your spell library was empty.

Inventory:

Hand Weapons
 n - a +2 flail of draining
 Y - a +1 heavy war axe (weapon)
Armour
 c - a +0 buckler (worn)
 e - a +1 hat (worn)
 h - a +0 pair of boots (worn)
 l - a +0 pair of gloves (worn)
 p - a +0 plate armour (worn)
Jewellery
 i - a ring of see invisible (left hand)
Scrolls
 f - 3 scrolls of teleportation
 m - a scroll of poison {unknown}
 o - 3 scrolls of identify
Potions
 a - a potion of attraction
 b - a potion of lignification {unknown}
 d - 2 potions of might
 g - 3 potions of curing {unknown}
 k - a potion of haste {unknown}

Dungeon Overview and Level Annotations

Branches:
Dungeon (4/15)
 Temple: D:4-7

Altars:
Fedhas


Message History

The gnoll hits you but does no damage. The gnoll barely misses you.
You hit the gnoll.
The gnoll is severely wounded.
The gnoll hits you but does no damage.
A gnoll comes into view. It is wielding a +0 halberd.
The gnoll hits you but does no damage.
You slash the gnoll!
You kill the gnoll!
The gnoll hits you with a +0 whip.
You slash the gnoll!
You kill the gnoll!
The gnoll barely misses you.
The gnoll hits you from afar with a +0 halberd.
You hit the gnoll but do no damage.
The gnoll hits you with a +0 flail of protection.
The gnoll closely misses you. The gnoll hits you but does no damage.
The gnoll barely misses you.
You barely miss the gnoll. The gnoll barely misses you.
The gnoll hits you but does no damage. x2
You block the gnoll's attack.
You hit the gnoll.
The gnoll is moderately wounded.
The gnoll barely misses you.
The gnoll hits you from afar with a +0 halberd.
The gnoll hits you with a +0 flail of protection!
The gnoll hits you but does no damage.
You closely miss the gnoll.
The gnoll is moderately wounded.
The gnoll hits you with a +0 flail of protection.
The gnoll hits you but does no damage. You block the gnoll's attack. x2
2964 ||| READING 4 scrolls of teleportation.
As you read the scroll of teleportation, it crumbles to dust.
You feel strangely unstable. You block the gnoll's attack.
The gnoll closely misses you.
You hit the gnoll.
The gnoll is moderately wounded.
The gnoll hits you with a +0 flail of protection.
The gnoll hits you but does no damage.
The gnoll hits you with a +0 flail of protection.
You die... ... .. .. .# ##.# #gJ

#g# #@# #.#
#.# ##.#
#..# #.## #
#.# .# #.#
..#
#+########.#


You could see 2 gnolls and an endoplasm.

Vanquished Creatures
  A jelly (D:4)
  An orc wizard (D:3)
  5 gnolls (D:4)
  3 adders
  A worm (D:2)
  A dart slug (D:2)
  6 orcs (D:3)
  3 ball pythons
  5 endoplasms
  A giant cockroach (D:4)
  6 goblins
  5 hobgoblins
  2 jackals (D:4)
  5 kobolds
  A quokka (D:3)
  3 bats
  A frilled lizard (D:2)
  A rat (D:1)
51 creatures vanquished.

Notes
Turn   | Place    | Note
-------+----------+-------------------------------------------
     0 | D:1      | qw the Gargoyle Fighter began the quest for the Orb.
     0 | D:1      | Reached XP level 1. HP: 14/14 MP: 1/1
     0 | D:1      | 0 ||| qw: Version: 0.2-a-108-gee2c290
     0 | D:1      | 0 ||| qw: Game counter: 1333
     0 | D:1      | 0 ||| qw: Always use a shield: true
     0 | D:1      | 0 ||| qw: God list: Okawaru
     0 | D:1      | 0 ||| qw: Allow faded altars: false
     0 | D:1      | 0 ||| qw: Do Orc after D:15 true
     0 | D:1      | 0 ||| qw: Do second Lair branch before Depths: true
     0 | D:1      | 0 ||| qw: Lair rune preference: random
     0 | D:1      | 0 ||| qw: Plans: Normal, Zot:1-4, Slime:5, God:TSO, Crypt,
                  | Tomb, Abyss, Pan, Hells, Win
     0 | D:1      | 0 ||| PLANNING D:1-11
   110 | D:1      | Reached skill level 2 in Axes
   382 | D:1      | Found a faded altar of an unknown god.
   383 | D:1      | 383 ||| DROPPING +0 club.
   735 | D:1      | 735 ||| UPGRADING to +1 hat.
   740 | D:1      | 740 ||| UPGRADING to ring of see invisible.
   741 | D:1      | 741 ||| READING scroll labelled TAPPUSHETT.
   742 | D:1      | 742 ||| READING scroll labelled XEREAW HAUM.
   843 | D:1      | 843 ||| READING scroll labelled LUQEN HYAVUMEBUAL.
   847 | D:1      | 847 ||| READING scroll labelled ZUJY OFATU.
   859 | D:2      | Found a blossoming altar of Fedhas.
   867 | D:2      | Reached XP level 2. HP: 19/19 MP: 2/2
   892 | D:2      | 892 ||| DROPPING +0 whip of pain.
  1028 | D:2      | 1028 ||| Stepping ~*~*~tactically~*~*~ (stealth).
  1042 | D:2      | Reached skill level 3 in Axes
  1042 | D:2      | Reached XP level 3. HP: 21/23 MP: 3/3
  1472 | D:2      | 1472 ||| UPGRADING to +0 pair of boots.
  1477 | D:2      | 1477 ||| UPGRADING to +0 pair of gloves.
  1482 | D:2      | 1482 ||| UPGRADING to +0 plate armour.
  1492 | D:2      | 1492 ||| DROPPING +0 scale mail.
  1493 | D:2      | 1493 ||| READING scroll labelled LIPAIL QOUMAJ.
  1494 | D:2      | 1494 ||| READING scroll labelled OGIMAM YMUICH.
  1495 | D:2      | 1495 ||| READING scroll labelled YGUEVA AH ZAGIZAST.
  1496 | D:2      | 1496 ||| DRINKING 2 sedimented blue potions.
  1869 | D:3      | 1869 ||| FLEEEEING.
  1909 | D:3      | 1909 ||| Stepping ~*~*~tactically~*~*~ (stealth).
  1910 | D:3      | 1910 ||| Stepping ~*~*~tactically~*~*~ (stealth).
  2200 | D:3      | Reached skill level 4 in Axes
  2200 | D:3      | Reached XP level 4. HP: 28/28 MP: 4/4
  2212 | D:3      | 2212 ||| READING scroll labelled LEMET YSKIAS.
  2644 | D:3      | 2644 ||| DRINKING 2 glowing coppery potions.
  2645 | D:3      | 2645 ||| DROPPING potion of brilliance.
  2713 | D:4      | Reached XP level 5. HP: 17/32 MP: 5/5
  2889 | D:4      | 2889 ||| Stepping ~*~*~tactically~*~*~ (stealth).
  2902 | D:4      | Reached skill level 5 in Axes
  2908 | D:4      | 2908 ||| Stepping ~*~*~tactically~*~*~ (stealth).
  2917 | D:4      | 2917 ||| DROPPING +0 mace.
  2963 | D:4      | HP: 8/33 [gnoll/+0 flail of protection (5)]
  2964 | D:4      | 2964 ||| READING 4 scrolls of teleportation.
  2965 | D:4      | HP: 3/33 [gnoll/+0 flail of protection (5)]
  2965 | D:4      | Slain by a gnoll

Levels and vault maps discovered:
D:1:      dpeg_arrival_stonehenge_12_columns, layout_basic,
          hellmonk_ecumenical_altar_arch_garden, minmay_misc_feat_rows
D:2:      layout_rooms, basic_altar
D:3:      layout_loops_corners, serial_co_window_serial, co_window_corner_a,
          co_window_corner_a, co_window_of_opportunity_a, co_window_cross_1,
          co_window_paths_b, co_window_paths_a, co_window_unsneaky_path_d,
          co_window_unsneaky_path_e, co_window_broadway_b, co_window_4corner_b,
          glass_columns_a, glass_columns_a, glass_columns_c, glass_columns_c,
          glass_columns_c, kennysheep_generic_room_11
D:4:      layout_rooms, grunt_temple_overflow_diamond

Skill      XL: |  1  2  3  4  5 |
---------------+----------------+-----
Axes           | 2 3 4 5 |  5.0
Fighting       | |  3.7
Armour         | |  3.2
Shields        | |  3.2

Action                     |  1- 3 |  4- 6 || total
---------------------------+-------+-------++-------
  Melee: War axe           |    79 |    53 ||   132
  Throw: Boomerang         |     3 |       ||     3
    Use: Scroll            |     7 |     2 ||     9
         Potion            |     1 |     1 ||     2
 Armour: Scale mail        |    22 |       ||    22
         Plate armour      |    22 |    45 ||    67
  Dodge: Dodged            |    34 |    27 ||    61
  Block: Buckler           |    10 |    13 ||    23

Table legend:
 A = Non-vault XP
 B = Vault XP
 C = Vault XP percentage of total XP
 D = Non-vault monster count
 E = Vault monster count
 F = Vault count percentage of total count
                 A         B        C        D         E       F
            +---------+---------+-------+---------+---------+-------
      Total |     269 |       0 |   0.0 |      51 |       0 |   0.0
            +---------+---------+-------+---------+---------+-------
        D:1 |       8 |       0 |   0.0 |       5 |       0 |   0.0
        D:2 |      39 |       0 |   0.0 |      12 |       0 |   0.0
        D:3 |      86 |       0 |   0.0 |      20 |       0 |   0.0
        D:4 |     136 |       0 |   0.0 |      14 |       0 |   0.0
            +---------+---------+-------+---------+---------+-------
